Get step-by-step instructions on how to execute this build order below. Start the game timer, and the build order will tick by so you can play in parallel with StarCraft on a second screen or mobile device.

Game Time

  0:00

Last Step

  N/A

Next Step

Upcoming Step



Don't want to look back and forth between 2 screens? Try out our Overwolf App, the Spawning Tool Build Advisor to get an in-game overlay with this build!

Complete Build Order

  12  0:01  SCV  
  13  0:13  SCV  
  14  0:17  Supply Depot  
  14  0:25  SCV  
  15  0:39  SCV  
  15  0:40  Barracks  
  16  0:46  Refinery  
  16  0:51  SCV  
  17  1:03  SCV  
  18  1:15  SCV  
  19  1:28  Orbital Command  
  19  1:29  Reaper  
  20  1:43  Command Center  
  20  1:52  Supply Depot  
  20  1:54  SCV  
  21  1:59  Refinery  
  21  2:02  Marine  
  21  2:06  SCV  
  23  2:16  Factory  
  23  2:18  SCV  
  24  2:23  Barracks Reactor  
  24  2:35  SCV  
  25  2:47  SCV  
  26  2:55  Orbital Command  
  26  2:59  SCV  
  26  3:03  Starport  
  27  3:07  Hellion x2  
  27  3:09  Barracks Tech Lab  
  27  3:11  SCV  
  32  3:24  SCV  
  33  3:28  SCV, Hellion  
  33  3:29  Hellion  
  38  3:36  SCV  
  39  3:42  SCV  
  39  3:44  Barracks Tech Lab  
  40  3:49  SCV  
  41  3:56  Command Center  
  41  3:59  Banshee  
  41  4:00  Cloaking Field  
  43  4:06  Factory Reactor  
  44  4:10  SCV x2  
  45  4:18  Supply Depot  
  45  4:20  Supply Depot  
  45  4:22  SCV, Stimpack  
  46  4:24  Supply Depot  
  46  4:40  SCV x2, Marine  
  46  4:42  Engineering Bay x2  
  46  4:45  Banshee  
  52  4:52  Supply Depot, SCV  
  53  5:03  Barracks  
  53  5:04  Factory Reactor  
  53  5:05  SCV x2  
  53  5:07  Barracks  
  55  5:08  Orbital Command  
  55  5:10  Refinery  
  55  5:13  Marine  
  56  5:17  SCV  
  51  5:36  SCV  
  51  5:37  SCV, Orbital Command  
  53  5:49  SCV x2, Marine x2  
  57  6:01  SCV x2  
  59  6:04  Refinery  
  59  6:06  Marine  
  59  6:10  SCV  
  59  6:11  Marine x3  
  62  6:13  SCV, Siege Tank, Medivac  
  62  6:14  Barracks  
  62  6:16  Terran Infantry Armor Level 1, Terran Infantry Weapons Level 1  
  70  6:20  SCV  
  70  6:21  Barracks  
  70  6:22  Barracks  
  71  6:27  Barracks x2  
  71  6:30  Supply Depot, SCV x2  
  71  6:31  Supply Depot  
  71  6:32  Supply Depot  
  73  6:33  Marine x2  
  73  6:35  SCV  
  73  6:36  Marine  
  73  6:37  Marine x2  
  79  6:42  SCV x2  
  79  6:45  Siege Tank  
  84  6:47  Medivac  
  84  6:49  SCV  
  84  6:50  Marine  
  84  6:51  Marine  
  89  6:55  Marine x2  
  89  6:56  Marine  
  89  6:58  Combat Shields  
  93  7:02  Barracks Reactor  
  92  7:11  SCV x2, Factory  
  92  7:14  Barracks Tech Lab x2  
  94  7:17  Barracks Reactor x2  
  94  7:18  Siege Tank, Marine  
  94  7:19  Marine  
  99  7:23  SCV x3  
  99  7:27  Marine x3  
  105  7:33  Armory  
  105  7:35  SCV, Marine x2  
  105  7:36  Marine x2  
  110  7:41  Marine x2  
  110  7:42  SCV  
  113  7:45  Marine x3  
  113  7:49  SCV  
  117  7:51  Refinery  
  117  7:52  Refinery  
  117  7:53  Supply Depot x2  
  117  7:56  Supply Depot  
  117  7:57  Factory Tech Lab  
  117  7:58  Concussive Shells  
  117  8:14  Marine x5  
  117  8:15  Siege Tank, Marine x4, Medivac  
  129  8:28  Marine x4  
  129  8:29  Siege Tank  
  129  8:32  Marine x3  
  129  8:33  Supply Depot, Terran Infantry Armor Level 2, Terran Infantry Weapons Level 2  
  139  8:35  Supply Depot x2  
  133  8:48  Marine  
  133  8:49  Marine x4  
  133  8:50  Siege Tank  
  133  8:51  Terran Vehicle Weapons Level 1  
  133  8:54  Marine x2  
  133  8:55  Medivac  
  145  9:02  Marine x4  
  149  9:15  Marine x2  
  149  9:16  Marine, Marauder  
  154  9:17  Marine x2, Marauder  
  158  9:37  Marine x3  
  158  9:38  Marine, Marauder  
  164  9:43  Missile Turret  
  164  9:44  Missile Turret  
  164  9:47  Missile Turret, Command Center  
  164  9:48  Command Center  
  164  10:01  Medivac x2  
  139  10:13  Siege Tank x2  
  144  10:24  Marine x3  
  144  10:25  Marine x4  
  144  10:26  Liberator x2  
  125  10:33  Marine x2  
  125  10:34  Marine x3, Marauder  
  119  10:42  Marine  
  116  10:49  Starport  
  122  10:50  Starport  
  122  10:52  Marauder x2  
  122  10:53  Fusion Core  
  124  11:05  Marine x4  
  124  11:06  Marine x6, Marauder  
  136  11:13  Marauder  
  136  11:15  Marine  
  136  11:16  Siege Tank  
  136  11:17  Siege Tank  
  136  11:18  Terran Infantry Weapons Level 3  
  135  11:21  Terran Infantry Armor Level 3  
  135  11:23  Marine  
  136  11:27  Marauder  
  97  11:54  Marine x2  
  97  11:55  Marine x5, Marauder  
  97  11:56  Siege Tank x2, Medivac x2  
  113  12:09  Terran Ship Weapons Level 1  
  113  12:10  Ghost Academy, Planetary Fortress  
  113  12:18  Starport Reactor  
  113  12:21  Starport Tech Lab, Marine x7  
  113  12:22  Marine  
  121  12:26  Medivac  
  117  12:57  Marine x12, Marauder  
  97  13:07  Liberator x2  
  97  13:10  SCV, Liberator  
  94  13:14  Marine  
  94  13:15  Marine x4  
  94  13:17  Marine  
  94  13:18  SCV, Marine x2  
  94  13:19  SCV, Marine x5  
  105  13:20  Siege Tank x2  
  105  13:21  Medivac x2  
  119  13:32  Marine x2  
  119  13:33  Marine x3  
  127  13:36  Refinery  
  127  13:38  Marine  
  128  13:41  Advanced Ballistics  
  128  13:44  Marine x3  
  131  13:49  Refinery  
  131  13:51  Marine x4, Marauder  
  131  13:52  Marine  
  138  13:58  SCV  
  138  14:00  Marine x3, Marauder  
  138  14:01  Siege Tank  
  147  14:08  Command Center  
  147  14:09  Marine  
  147  14:10  Marine  
  147  14:12  Ghost  
  151  14:18  Marauder  
  153  14:35  Terran Ship Weapons Level 2  
  153  14:36  Building Armor  
  153  14:37  Hi-Sec Auto Tracking  
  153  14:38  Ghost  
  153  14:39  Ghost  
  157  14:50  Barracks Tech Lab  
  157  14:51  Barracks Tech Lab  
  137  14:54  Refinery  
  137  14:59  Marine x3  
  123  15:00  Marauder  
  123  15:03  Liberator x3  
  93  15:14  Marine x3  
  93  15:15  Marine x2, Marauder x2  
  93  15:17  Marine x2  
  93  15:19  Marine  
  113  15:21  SCV x2, Marauder  
  113  15:24  SCV x2  
  113  15:25  Refinery  
  117  15:29  Refinery  
  117  15:30  Planetary Fortress  
  117  15:32  Marine x4  
  117  15:33  Siege Tank  
  124  15:39  Personal Cloaking  
  124  15:42  Marine  
  125  15:43  Refinery  
  124  16:01  Ghost x4  
  124  16:02  Marine x2  
  124  16:03  Marine x2  
  136  16:10  Liberator x3  
  109  16:17  Marine  
  103  16:19  SCV x2  
  105  16:26  Ghost  
  105  16:28  SCV x3  
  119  16:34  Missile Turret  
  119  16:35  SCV x3  
  122  16:40  SCV x3  
  122  16:41  Sensor Tower  
  122  16:44  Liberator  
  125  16:47  SCV x2  
  124  16:55  Ghost x3  
  124  16:56  Marine x5  
  124  16:58  Siege Tank x2  
  138  17:02  SCV  
  138  17:03  SCV  
  140  17:10  Nuke  
  140  17:29  Ghost x4  
  142  17:30  Marine x3  
  142  17:31  Thor  
  157  17:39  Sensor Tower  
  157  17:40  Liberator x2  
  157  17:43  SCV x3  
  160  17:55  Marine x5  
  160  17:56  Thor  
  177  18:00  Missile Turret  
  177  18:13  Liberator x2  
  173  18:28  Ghost x2  
  173  18:32  Marine x3, Marauder  
  188  18:39  Ghost, Marine  
  191  18:47  SCV  
  192  18:49  Ghost  
  192  18:50  Sensor Tower  
  192  18:51  Nuke  
  192  18:54  Ghost, Marine x3  
  199  18:57  Orbital Command  
  199  19:03  Missile Turret, Command Center  
  199  19:06  Missile Turret x2  
  199  19:29  Liberator x3  
  179  19:44  Ghost x3  
  179  19:45  Marine x3  
  157  19:46  Thor x2  
  178  20:06  Nuke  
  178  20:08  Marine x7  
  178  20:09  Marine  
  178  20:11  SCV  
  178  20:12  Marine  
  178  20:13  Marine  
  189  20:32  Command Center